 Dungeon Crawl Stone Soup version 0.30-a0-758-gc2c871d025 (webtiles) character file.

Game seed: 1038017969701576451

90408 Lavandula the Mender (level 16, -8/123 HPs)
             Began as a Human Monk on Feb 7, 2023.
             Was a Priest of Elyvilon.
             Mangled by a caustic shrike simulacrum (10 damage)
             ... in an ice cave on Feb 10, 2023.
             The game lasted 01:11:45 (26684 turns).

Lavandula the Mender (Human Monk)                  Turns: 26684, Time: 01:11:46

Health: -8/123     AC: 32    Str: 17    XL:     16   Next: 47%
Magic:  19/26      EV: 11    Int: 14    God:    Elyvilon [***...]
Gold:   1414       SH:  8    Dex: 17    Spells: 15/15 levels left

rFire   + . .      SeeInvis .    t - +5 scimitar (flame)
rCold   + . .      Faith    .    y - +2 buckler {AC+3}
rNeg    . . .      Spirit   .    b - +7 chain mail "Mad Arenwe" {rPois rCorr Stlth+}
rPois   +          Reflect  .    O - +2 hat
rElec   .          Harm     .    A - scarf {rC+ rF+}
rCorr   +          Rampage  .    W - +2 pair of gloves
Will    +....                    L - +0 pair of boots Stlth
                                 S - amulet of the acrobat
HPRegen 0.40/turn                s - +4 ring of protection
MPRegen 0.20/turn                v - ring "Razutewu" {+Blink Fly rPois}

@: on blink cooldown, flying
A: talons 1, clever 1
a: Renounce Religion, Evoke Blink, Purification, Heal Other, Heal Self


You were in an ice cave.
You worshipped Elyvilon.
Elyvilon was most pleased with you.
You visited 3 branches of the dungeon, and saw 21 of its levels.
You also visited: Bailey and Ice Cave.

You collected 1414 gold pieces.

Inventory:

Hand Weapons
 i - a +4 rapier of electrocution
 t - a +5 scimitar of flaming (weapon)
 w - a +1 dagger of venom
Missiles
 e - 10 boomerangs
 x - 3 silver javelins
 H - 22 poisoned darts (quivered)
 Q - a throwing net
Armour
 b - the +7 chain mail "Mad Arenwe" (worn) {rPois rCorr Stlth+}
   (You found it on level 13 of the Dungeon)

   rPois:     It protects you from poison.
   rCorr:     It protects you from acid and corrosion.
   Stlth:     It makes you more stealthy.
 p - a +4 troll leather armour
 y - a +2 buckler of protection (worn)
 A - a scarf of resistance (worn)
 L - a +0 pair of boots (worn)
 O - a +2 hat (worn)
 W - a +2 pair of gloves (worn)
Jewellery
 h - a ring of see invisible
 s - a +4 ring of protection (left hand)
 v - the ring "Razutewu" (right hand) {+Blink Fly rPois}
   (You acquired it on level 6 of the Dungeon)

   [ring of flight]

   rPois:     It protects you from poison.
   Fly:       It grants you flight.
   +Blink:    It lets you blink.
 I - a ring of poison resistance
 M - a ring of positive energy
 S - an amulet of the acrobat (around neck)
 T - a ring of protection from fire
 Z - a ring of resist corrosion
Wands
 a - a wand of roots (8)
 f - a wand of flame (44)
 z - a wand of digging (4)
 N - a wand of charming (4)
 V - a wand of polymorph (2)
Scrolls
 d - 2 scrolls of magic mapping
 j - 6 scrolls of amnesia
 k - 6 scrolls of vulnerability
 o - a scroll of brand weapon {unknown}
 u - 2 scrolls of poison {unknown}
 E - a scroll of identify
 U - 3 scrolls of fear {unknown}
Potions
 c - 4 potions of ambrosia
 g - 6 potions of mutation
 l - 2 potions of resistance {unknown}
 m - a potion of attraction {unknown}
 n - a potion of might {unknown}
 q - 2 potions of flight {unknown}
 r - 6 potions of curing
 B - 4 potions of lignification {unknown}
 C - a potion of magic {unknown}
 D - 3 potions of haste {unknown}
 G - 2 potions of cancellation {unknown}
 K - a potion of berserk rage {unknown}
 Y - 4 potions of brilliance {unknown}


   Skills:
 - Level 10.5 Fighting
 - Level 9.8(12.6) Short Blades
 - Level 12.7(14.0) Long Blades
 - Level 3.2 Maces & Flails
 - Level 9.5 Armour
 - Level 10.4 Dodging
 - Level 2.0 Stealth
 - Level 5.3 Shields
 + Level 14.5 Invocations
 - Level 8.1 Evocations


You had 15 spell levels left.
You didn't know any spells.
Your spell library contained the following spells:

 Spells                   Type           Power      Damage    Failure   Level
 Magic Dart               Conj           0%         1d3       98%         1
 Call Imp                 Summ           0%         N/A       99%         2
 Lesser Beckoning         Tloc           0%         N/A       99%         2
 Searing Ray              Conj           0%         2d4       99%         2
 Gell's Gravitas          Tloc           0%         N/A       100%        3
 Mephitic Cloud           Conj/Pois/Air  0%         N/A       100%        3
 Stone Arrow              Conj/Erth      0%         3d7       100%        3
 Teleport Other           Tloc           0%         N/A       100%        3
 Vhi's Electric Charge    Tloc/Air       0%         N/A       100%        3
 Animate Armour           Summ/Erth      0%         N/A       100%        4
 Fulminant Prism          Conj/Hex       0%         3d5       100%        4
 Dispersal                Tloc           0%         N/A       100%        6
 Disjunction              Tloc           0%         N/A       100%        8
 Lehudib's Crystal Spear  Conj/Erth      0%         10d2      100%        8


Dungeon Overview and Level Annotations

Branches:
Dungeon (15/15)            Temple (1/1) D:7            Lair (5/5) D:10
  Swamp (0/4) Lair:3       Spider (0/4) Lair:3        Slime (0/5) Lair:4
    Orc (0/2) D:9          Vaults (0/5) D:14         Depths (0/4) D:15
 Bailey (visited)           IceCv (1/1)

Altars:
Dithmenos
Elyvilon
Fedhas
Gozag
Hepliaklqana
Kikubaaqudgha
Nemelex Xobeh
Okawaru
Qazlal
Ru
Trog
Uskayaw
Vehumet
Wu Jian
Xom
Yredelemnul
Zin
The Shining One
Jiyva

Shops:
D:12 [

Portals:
Trove: D:11 (give +4 shadow dragon scales)

Annotations:
D:5 exclusion: statue
D:11 1 exclusion IceCv 1 transporter


Innate Abilities, Weirdness & Mutations

You have sharp toenails.
Your mind is acute. (Int +4, Str/Dex -1)


Message History

Your caustic shrike simulacrum claws the lindwurm simulacrum!!
Your caustic shrike simulacrum freezes the lindwurm simulacrum.
The lindwurm simulacrum completely resists.
The harpy simulacrum claws you but does no damage.
You block the harpy simulacrum's attack.
The lindwurm simulacrum bites your caustic shrike simulacrum.
The lindwurm simulacrum freezes your caustic shrike simulacrum.
Your caustic shrike simulacrum completely resists.
The lindwurm simulacrum claws your caustic shrike simulacrum.
The lindwurm simulacrum freezes your caustic shrike simulacrum.
Your caustic shrike simulacrum completely resists.
The lindwurm simulacrum claws your caustic shrike simulacrum.
The lindwurm simulacrum freezes your caustic shrike simulacrum.
Your caustic shrike simulacrum completely resists.
The white very ugly thing completely misses the alligator simulacrum.
The lindwurm simulacrum completely misses you.
The lindwurm simulacrum claws you but does no damage. x2
You are still too unstable to blink.
Aiming: Charm
Press: ? - help, Shift-Dir - straight line, f - caustic shrike simulacrum, p - caustic shrike simulacrum
Aim: a caustic shrike simulacrum (chance to affect: 64%)
The caustic shrike simulacrum struggles to resist.
The harpy simulacrum claws you but does no damage.
The harpy simulacrum barely misses you.
The caustic shrike simulacrum claws you!
* * * LOW HITPOINT WARNING * * *
The caustic shrike simulacrum freezes you!
You resist. Elyvilon protects you from harm!
Your caustic shrike simulacrum claws the lindwurm simulacrum!!
Your caustic shrike simulacrum freezes the lindwurm simulacrum.
The lindwurm simulacrum completely resists.
You block the harpy simulacrum's attack.
The harpy simulacrum claws you but does no damage.
You block the dire elephant simulacrum's attack.
The dire elephant simulacrum trunk-slaps you but does no damage.
The alligator simulacrum barely misses the white very ugly thing.
The alligator simulacrum closely misses the white very ugly thing.
The caustic shrike simulacrum claws you!
You die...

####
##...####
........##
..........##
...........##
.[..8.......#
8.$.........#
©©[(..uZ@.∩∩#
8.!...ZZZZ..#
.$..8...ZZ..#
.......§...##
..........##
#........##
###...####
####


You could see an alligator simulacrum, a dire elephant simulacrum, 2 lindwurm
simulacra, a harpy simulacrum, a caustic shrike simulacrum, a neutral white very
ugly thing (distracted) and a friendly caustic shrike simulacrum (charmed).

Vanquished Creatures
  Gastronok (D:10)
  An entropy weaver (shapeshifter) (D:13)
  4 vault guards
  A rakshasa (D:14)
  7 hydras
  7 boulder beetles
  2 centaur warriors
  Erica (D:9)
  A tengu warrior (D:14)
  7 two-headed ogres
  4 skeletal warriors
  Pikel (D:4)
  13 ugly things
  3 deep elf pyromancers
  5 cyclopes
  5 manticores
  11 elephants
  Joseph (D:8)
  Maurice (D:10)
  6 black mambas
  An unseen horror (D:11)
  18 cane toads
  A kobold demonologist (D:11)
  A freezing wraith (D:14)
  6 rime drakes
  An efreet (D:13)
  8 komodo dragons
  2 tengu conjurers (D:14)
  A meliai (shapeshifter) (D:13)
  7 trolls
  Prince Ribbit (D:7)
  2 tyrant leeches (Lair:5)
  A polar bear (Lair:2)
  31 blink frogs
  13 dream sheep (Lair:5)
  6 slime creatures (D:12)
  A centaur simulacrum (D:15)
  A spriggan (shapeshifter) (D:14)
  2 spriggans
  54 yaks
  2 wraiths (D:11)
  3 wyverns
  4 basilisks
  9 vampire mosquitoes
  Menkaure (D:7)
  A harpy simulacrum (IceCv)
  4 acid dragons
  Duvessa (D:7)
  12 water moccasins
  2 ice beasts (D:6)
  2 sky beasts
  3 orc warriors
  3 black bears
  5 ogres
  4 centaurs
  3 wolves (Lair:2)
  A lemure (D:5)
  2 phantoms
  5 kobold brigands
  16 bullfrogs
  A gnoll sergeant (D:9)
  4 scorpions
  A necrophage (D:6)
  16 wights
  Dowan (D:7)
  14 killer bees
  4 howler monkeys
  An electric eel (Lair:3)
  3 hounds
  2 jellies
  3 gnoll boudas
  5 orc priests
  10 orc wizards
  2 iguanas
  25 gnolls
  8 adders
  A shadow imp (D:3)
  2 white imps
  3 ufetubi
  4 worms
  2 dart slugs
  38 orcs
  6 ball pythons
  5 bats
  9 endoplasms
  4 giant cockroaches
  6 goblins
  5 hobgoblins
  4 jackals (D:1)
  7 quokkas
  25 kobolds
  5 rats
549 creatures vanquished.

Vanquished Creatures (collateral kills)
  An ugly thing (D:14)
  A slime creature (D:14)
  2 orcs (D:9)
4 creatures vanquished.

Vanquished Creatures (others)
  An azure jelly (shapeshifter) (D:14)
  An ugly thing (D:14)
  An orc knight (D:10)
  A cyclops (D:11)
  3 elephants
  A cane toad (Lair:5)
  2 komodo dragons
  A troll (D:11)
  4 dream sheep (Lair:5)
  4 yaks
  A vampire (D:11)
  A basilisk (D:11)
  A centaur (D:11)
  A bullfrog (Lair:5)
  A killer bee (D:9)
  A howler monkey (D:11)
  2 bushes (Lair:5)
  41 fungi
  201 plants
269 creatures vanquished.

Grand Total: 822 creatures vanquished

Notes
Turn   | Place    | Note
-------+----------+-------------------------------------------
     0 | D:1      | Lavandula the Human Monk began the quest for the Orb.
     0 | D:1      | Reached XP level 1. HP: 18/18 MP: 1/1
    46 | D:1      | Reached XP level 2. HP: 18/24 MP: 2/2
   459 | D:1      | Reached XP level 3. HP: 29/29 MP: 3/3
   474 | D:1      | HP: 1/29 [hobgoblin (5)]
   938 | D:1      | Reached skill level 1 in Maces & Flails
  1218 | D:2      | Reached XP level 4. HP: 13/35 MP: 4/4
  2340 | D:3      | Reached XP level 5. HP: 41/41 MP: 5/5
  2393 | D:3      | Found a sacrificial altar of Ru.
  2552 | D:3      | Found a faded altar of an unknown god.
  2569 | D:3      | Found a hide-covered altar of Uskayaw.
  2776 | D:3      | Reached skill level 1 in Short Blades
  3050 | D:4      | Noticed a phantom
  3071 | D:4      | Killed a phantom
  3072 | D:4      | Reached XP level 6. HP: 44/47 MP: 6/6
  3347 | D:4      | Found an ancient bone altar of Kikubaaqudgha.
  3591 | D:4      | Reached XP level 7. HP: 52/52 MP: 7/7
  3613 | D:5      | Entered Level 5 of the Dungeon
  3772 | D:5      | Found a radiant altar of Vehumet.
  3772 | D:5      | Noticed Pikel
  3820 | D:4      | Killed Pikel
  3821 | D:4      | Reached XP level 8. HP: 23/58 MP: 8/8
  4118 | D:5      | Got the Incunable of the Wayfarer
  5117 | D:6      | Reached XP level 9. HP: 63/63 MP: 9/9
  5709 | D:6      | Identified a scroll of acquirement
  5710 | D:6      | Acquired the ring "Razutewu" {+Blink Fly rPois}
  5719 | D:6      | Gained mutation: Your mind is acute. (Int +4, Str/Dex -1)
                  | [potion of mutation]
  5719 | D:6      | Gained mutation: You have sharp toenails. [potion of
                  | mutation]
  5859 | D:6      | Reached skill level 5 in Fighting
  6087 | D:6      | Found a glowing silver altar of Zin.
  6274 | D:7      | Noticed Prince Ribbit
  6287 | D:7      | Killed Prince Ribbit
  7053 | D:7      | Noticed Duvessa
  7053 | D:7      | Noticed Dowan
  7080 | D:7      | Killed Duvessa
  7081 | D:7      | Reached skill level 5 in Dodging
  7094 | D:7      | Killed Dowan
  7095 | D:7      | Reached XP level 10. HP: 73/76 MP: 10/10
  7130 | D:7      | Found a staircase to the Ecumenical Temple.
  7173 | Temple   | Entered the Ecumenical Temple
  7346 | Temple   | Became a worshipper of Elyvilon the Healer
  7346 | Temple   | Reached * piety under Elyvilon
  7346 | Temple   | Reached ** piety under Elyvilon
  7402 | D:7      | Reached skill level 1 in Armour
  7645 | D:7      | Noticed Menkaure
  7654 | D:7      | Killed Menkaure
  8293 | D:8      | Reached skill level 5 in Armour
  8374 | D:8      | Found a flagged portal.
  8405 | Bailey   | Entered a bailey
  8526 | Bailey   | Noticed a two-headed ogre
  8544 | Bailey   | Reached skill level 1 in Invocations
  8934 | D:8      | Reached skill level 2 in Invocations
  9132 | D:8      | Reached *** piety under Elyvilon
  9142 | D:8      | Noticed Joseph
  9164 | D:8      | Killed Joseph
  9165 | D:8      | Reached skill level 3 in Invocations
  9320 | D:8      | Reached skill level 4 in Invocations
  9756 | D:9      | Noticed a two-headed ogre
  9829 | D:9      | Killed a two-headed ogre
  9830 | D:9      | Reached skill level 6 in Invocations
  9830 | D:9      | Reached XP level 11. HP: 48/81 MP: 13/15
 10890 | D:9      | Reached skill level 5 in Shields
 11168 | D:9      | Found a staircase to the Orcish Mines.
 11220 | D:9      | Noticed Erica
 11233 | D:9      | Killed Erica
 11234 | D:9      | Reached skill level 7 in Invocations
 11614 | D:9      | Reached **** piety under Elyvilon
 11708 | D:10     | Entered Level 10 of the Dungeon
 11809 | D:10     | Found a sparkling altar of Nemelex Xobeh.
 11844 | D:10     | Found a staircase to the Lair.
 11844 | D:10     | Noticed a death yak
 11844 | D:10     | Noticed an elephant
 11853 | D:10     | Pacified an elephant
 11854 | D:10     | Reached skill level 8 in Invocations
 11857 | D:10     | Killed an elephant
 11876 | D:10     | Pacified a death yak
 11977 | D:10     | Noticed a centaur warrior
 11977 | D:10     | Noticed an orc knight
 12013 | D:10     | Killed a centaur warrior
 12014 | D:10     | Reached skill level 9 in Invocations
 12307 | D:10     | Noticed Maurice
 12330 | D:10     | Killed Maurice
 12454 | D:10     | Noticed Urug
 12464 | D:10     | Reached skill level 10 in Invocations
 12467 | D:10     | Pacified Urug
 12468 | D:10     | Reached XP level 12. HP: 87/88 MP: 16/19
 12617 | Lair:1   | Entered Level 1 of the Lair of Beasts
 12672 | Lair:1   | Reached skill level 5 in Long Blades
 14162 | Lair:2   | Noticed a four-headed hydra
 14173 | Lair:2   | Killed a one-headed hydra
 14322 | Lair:2   | Reached skill level 10 in Long Blades
 14364 | Lair:2   | Reached XP level 13. HP: 33/93 MP: 18/21
 15415 | Lair:3   | Upgraded the game from 0.30-a0-743-gbfdf073431 to
                  | 0.30-a0-755-g0b50240ab4
 15817 | Lair:3   | Reached skill level 1 in Evocations
 15963 | Lair:3   | Found a hole to the Spider Nest.
 16103 | Lair:3   | Found a staircase to the Swamp.
 16646 | Lair:4   | HP: 1/93 [komodo dragon (18)]
 16756 | Lair:4   | Found a viscous altar of Jiyva.
 16880 | Lair:4   | Reached skill level 5 in Evocations
 17050 | Lair:4   | Found a staircase to the Slime Pits.
 17437 | Lair:4   | Noticed a catoblepas
 17438 | Lair:4   | Pacified a catoblepas
 17439 | Lair:4   | Reached XP level 14. HP: 100/100 MP: 19/22
 18433 | Lair:5   | Entered Level 5 of the Lair of Beasts
 19489 | D:10     | Noticed Gastronok
 19646 | D:10     | Killed Gastronok
 19647 | D:10     | Reached skill level 10 in Fighting
 19766 | D:10     | Noticed Nergalle
 19790 | D:10     | Pacified Nergalle
 19882 | D:10     | Found a shadowy altar of Dithmenos.
 20066 | D:11     | Found a portal to a secret trove of treasure.
 20281 | D:11     | HP: 4/110 [cyclops (21)]
 20681 | D:11     | Reached XP level 15. HP: 115/117 MP: 23/23
 20728 | D:11     | HP: 2/117 [death knight/+2 halberd (28)]
 20743 | D:11     | HP: 3/117 [death knight/+2 halberd (12)]
 20745 | D:11     | Elyvilon protects you from harm!
 21068 | D:12     | Found Noacizaalu's Armour Boutique.
 21698 | D:12     | Reached skill level 10 in Dodging
 22086 | D:13     | Identified the +7 chain mail "Mad Arenwe" {rPois rCorr
                  | Stlth+}
 23908 | D:14     | Noticed Nessos
 23912 | D:14     | Pacified Nessos
 23930 | D:14     | Reached skill level 11 in Invocations
 23952 | D:14     | Noticed an azure jelly
 23954 | D:14     | Upgraded the game from 0.30-a0-755-g0b50240ab4 to
                  | 0.30-a0-758-gc2c871d025
 24583 | Lair:5   | Reached skill level 12 in Invocations
 24626 | Lair:5   | Reached XP level 16. HP: 88/123 MP: 25/25
 25130 | Lair:5   | Reached skill level 13 in Invocations
 26078 | D:14     | Found a gate to the Vaults.
 26139 | D:14     | Reached skill level 14 in Invocations
 26467 | D:15     | Entered Level 15 of the Dungeon
 26658 | D:15     | Found a frozen archway.
 26668 | IceCv    | Entered an ice cave
 26678 | IceCv    | HP: 6/123 [caustic shrike simulacrum (11)]
 26679 | IceCv    | Found a transporter.
 26684 | IceCv    | HP: 2/123 [caustic shrike simulacrum (12)]
 26684 | IceCv    | Elyvilon protects you from harm!
 26684 | IceCv    | Mangled by a caustic shrike simulacrum

Illustrated notes

Levels and vault maps discovered:
D:1:      minmay_arrival_jagged, layout_loops_ring, roderic_roman_lattice
D:2:      wad_woods_settlement, layout_basic, serial_co_window_serial,
          co_window_cross_1, co_window_paths_a, co_window_cross_1,
          co_window_paths_a, co_window_paths_a, co_window_broadway_a,
          co_window_unsneaky_path_b, co_window_2corner, glass_columns_b,
          glass_columns_b, glass_columns_c, glass_columns_b
D:3:      layout_basic, eat_drink_and_be_merry_uskayaw, hangedman_ru_absence,
          shapermc_ecumenical_altar_mp_vishouse, minmay_misc_feat_cross
D:4:      layout_loops_ring, mainiacjoe_overflow_24_doors
D:5:      layout_gridville, vehumet_statue, uniq_pikel
D:6:      layout_loops_ring, zin_treasury
D:7:      layout_loops_ring, minmay_temple_entry_wispy, uniq_prince_ribbit1,
          uniq_duvessa, uniq_menkaure
D:8:      layout_loops_corners, enter_bailey_1, uniq_joseph
D:9:      layout_basic, orc_0_dummy, uniq_erica
D:10:     minmay_cut_squares, layout_basic, nemelex_xobeh_ov_fountains_minmay,
          kennysheep_mini, david_lair_generic, uniq_gastronok, uniq_nergalle,
          uniq_maurice, uniq_urug
D:11:     minmay_the_grid_octo_tiled_octocenter [minmay_the_grid_octo_chip,
          minmay_the_grid_octo_checkered, minmay_the_grid_octo_checkerflower,
          minmay_the_grid_octo_teeth, minmay_the_grid_octo_prize_big_c,
          minmay_the_grid_square_5x5_corner, minmay_the_grid_square_5x5_inset,
          minmay_the_grid_square_5x5_hourglass,
          minmay_the_grid_square_5x5_three_small], layout_cave_pools,
          nicolae_trove_entry_isolated
D:12:     layout_rooms, serial_shops, nicolae_shop_behind_doors
D:13:     layout_roguey
D:14:     layout_basic, lightli_vaults_fourway_checkpoint, uniq_nessos
D:15:     hangedman_depths_entry_civil_slaughter, layout_basic,
          portal_ice_cave_entry_pillars_four, serial_bayou_pond_c,
          trog_butcher_becter
Temple:   regret_index_temple_generic_petals
Lair:1:   layout_long_grid, grunt_megastairs_2
Lair:2:   layout_cave_shapes, forest_entry_grove
Lair:3:   layout_roguey, swamp_mist, nicolae_spider_entry_non_spiders,
          grunt_megastairs_5, serial_bayou_shore_a, lemuel_fruit_tree
Lair:4:   layout_cave_pods, slime_entry_1, dreamdust_deal_with_the_devil,
          serial_bayou_shore_b, grunt_megastairs_4
Lair:5:   minmay_lair_end_frog_pond, layout_gridlike, serial_bayou_pond_a,
          serial_bayou_shore_b
IceCv:    ice_cave_statue_garden_transporter

Skill      XL: |  1  2  3  4  5  6  7  8  9 10 11 12 13 14 15 16 |
---------------+-------------------------------------------------+-----
Long Blades    | 4 10 12 | 12.7
Maces & Flails | 1 2 3 |  3.2
Short Blades   | 2 4 7 9 |  9.8
Fighting       | 6 10 | 10.5
Dodging        | 5 8 10 | 10.4
Armour         | 6 9 |  9.5
Invocations    | 6 10 12 14 | 14.5
Shields        | 5 |  5.3
Evocations     | 7 8 |  8.1
Stealth        | |  2.0

Action                     |  1- 3 |  4- 6 |  7- 9 | 10-12 | 13-15 | 16-18 || total
---------------------------+-------+-------+-------+-------+-------+-------++-------
  Melee: Falchion          |    74 |       |       |       |       |       ||    74
         Whip              |    20 |   128 |    81 |   196 |    23 |       ||   448
         Punch             |       |     2 |     9 |     2 |       |       ||    13
         Dagger            |       |    46 |   324 |   588 |   936 |       ||  1894
         Kick              |       |       |    45 |   385 |   184 |       ||   614
         Scimitar          |       |       |       |   114 |  1113 |   271 ||  1498
  Throw: Javelin           |       |       |    26 |     3 |       |       ||    29
         Boomerang         |       |       |     8 |    19 |     3 |       ||    30
         Dart              |       |       |     5 |    28 |     4 |       ||    37
 Invoke: Heal Other        |       |       |       |    15 |    28 |     3 ||    46
         Heal Self         |       |       |       |     7 |    15 |     3 ||    25
Ability: Evoke Blink       |       |       |       |       |       |     2 ||     2
  Evoke: Wand              |       |       |       |     3 |     9 |     3 ||    15
    Use: Scroll            |       |     1 |     7 |     1 |     8 |     7 ||    24
         Potion            |       |       |     1 |     7 |     4 |       ||    12
   Stab: Sleeping          |     7 |     7 |     2 |     2 |     2 |       ||    20
         Distracted        |       |       |       |       |     2 |       ||     2
 Armour: Robe              |    17 |    27 |       |       |       |       ||    44
         Ring mail         |       |    34 |   135 |   141 |       |       ||   310
         Troll leather arm |       |       |       |    80 |   400 |       ||   480
         Plate armour      |       |       |       |       |    85 |       ||    85
         Chain mail        |       |       |       |       |   199 |   178 ||   377
  Dodge: Dodged            |    45 |    92 |   173 |   388 |   935 |   113 ||  1746
  Block: Buckler           |       |       |       |    96 |   442 |    87 ||   625

Table legend: (Time is in decaauts)
 A = Elapsed time spent in this place.
 B = Non-inter-level travel time spent in this place.
 C = Inter-level travel time spent in this place.
 D = Time resting spent in this place.
 E = Time spent auto-exploring this place.
 F = Levels seen in this place.
 G = Mean time per level.
                   A        B        C        D        E       F      G
               +--------+--------+--------+--------+--------+-----+--------+
         Total |  25560 |  24240 |   1320 |   4126 |  13888 |  23 | 1111.3 |
       Dungeon |  17027 |  16231 |    796 |   2753 |   9662 |  15 | 1135.1 |
        Temple |    211 |    173 |     38 |      0 |    163 |   1 |  211.0 |
          Lair |   8195 |   7709 |    486 |   1343 |   4049 |   5 | 1639.0 |
        Bailey |    110 |    110 |      0 |     30 |     14 |   1 |  110.0 |
      Ice Cave |     14 |     14 |      0 |      0 |      0 |   1 |   14.0 |
               +--------+--------+--------+--------+--------+-----+--------+

Top non-repeatable levels by time:
  Lair:5: 2171 daAuts
  Lair:4: 1989 daAuts
  Lair:1: 1601 daAuts
     D:9: 1586 daAuts
     D:8: 1580 daAuts
     D:7: 1576 daAuts
    D:13: 1557 daAuts
    D:10: 1378 daAuts
  Lair:2: 1327 daAuts
     D:6: 1298 daAuts
     D:5: 1245 daAuts
     D:2: 1169 daAuts
     D:1: 1107 daAuts
  Lair:3: 1106 daAuts
    D:14: 1095 daAuts
